AoeStats
← E-d-d-i-e91G

Nomad

503541107Analyzed
2v2 RM · 1mo ago on Sep 1, 2026· 45m 6s· 4 players
Game mode
Random Map
Map size
176×176
Population
200
Speed
Normal
Resources
Standard
Victory
Conquest
Starting age
Dark Age
Ending age
Imperial Age
RankedLock teamsTeams togetherTeam positionsShared explorationLock speedFull tech treeHidden civsTurbo modeCheats
Victory
Defeat
🇺🇸 Bohemians · United States
555
+19
🇨🇴 Inca · Colombia
468
+22
🇦🇺 Spanish · Australia
623
-40
🇦🇺 Bulgarians · Australia
600
-35
EGthe@2nd
4:53 Loom
5:12 Loom
14:34 Feudal Age
15:03 Double-Bit Axe
16:02 Wheelbarrow
16:01 Horse Collar
17:08 Town Watch
17:59 Fishing Lines
23:49 Castle Age
25:42 Hand Cart
24:54 Light Cavalry
25:34 Husbandry
26:42 Scale Barding Armor
26:55 Forging
26:51 Town Patrol
27:35 Bow Saw
29:02 Pikeman
31:25 Chemistry
32:48 Fortified Wall
32:19 Treadmill Crane
33:54 Gillnets
34:15 Medium Warships
35:56 Ballistics
38:45 Imperial Age
36:32 Masonry
36:18 Murder Holes
39:36 Siege Engineers
42:05 Conscription
41:51 Wagenburg Tactics
43:22 Halberdier
44:03 Squires
45:25 Caravan
WARRIOR9608
17:35 Feudal Age
19:22 Champi Runner
28:20 Castle Age
34:33 Imperial Age
32:35 Medium Warships
35:24 Champi Warrior
36:05 Squires
35:50 Arson
E-d-d-i-e91G
22:47 Feudal Age
25:04 Wheelbarrow
24:17 Town Watch
24:50 Fishing Lines
25:12 Double-Bit Axe
25:14 Horse Collar
31:10 Castle Age
32:08 Heavy Plow
33:38 Gillnets
33:48 Fletching
35:55 Hand Cart
36:21 Coinage
38:21 Bodkin Arrow
38:32 Scale Barding Armor
40:11 Chain Barding Armor
40:08 Masonry
IAMASTROMAN9714
15:03 Feudal Age
18:17 Double-Bit Axe
21:00 Horse Collar
24:58 Gold Mining
30:55 Castle Age
Connection lost

Rejoining the realm…

Still unreachable

The connection could not be restored.

Session expired

The server has moved on; the page needs a fresh start.